 Dungeon Crawl Stone Soup version 0.32-a0-872-g59262bdc9b (webtiles) character file.

Game seed: 5845098386716086024

66810 Heh the Nimble (level 15, -10/109 HPs)
             Began as an Octopode Alchemist on Mar 30, 2024.
             Was a High Priest of Vehumet.
             Mangled by a spark wasp (24 damage)
             ... on level 1 of the Spider Nest on Mar 31, 2024.
             The game lasted 00:54:58 (20025 turns).

Heh the Nimble (Octopode Alchemist)                Turns: 20025, Time: 00:54:59

Health: -10/109    AC:  8    Str:  6    XL:     15   Next: 21%
Magic:  35/37      EV: 27    Int: 17    God:    Vehumet [*****.]
Gold:   1376       SH:  7    Dex: 30    Spells: 4/32 levels left

rFire   + + +        I - +10 lance "Wyrmbane" {slay drac, rPois rF+ rC+ AC+3}
rCold   . . .        e - +0 buckler
rNeg    . . .        (helmet restricted)
rPois   +            x - amulet of regeneration
rElec   .            K - ring of fire
rCorr   .            l - ring of poison resistance
SInv    +            n - +4 ring of protection
Will    +....        y - +6 ring of dexterity
Stlth   ++++         C - ring of see invisible
HPRegen 1.18/turn    H - ring of magical power
MPRegen 0.25/turn    U - ring of protection from fire
                     Z - +4 ring of slaying

%: no passive effects
@: lethally poisoned (-10 -> -18), slowed, very slow
A: almost no armour, amphibious, 8 rings, camouflage 1, gelatinous body 1,
(nimble swimmer 1), tentacles, fangs 1, agile 1, inability to drink after injury
1
a: Renounce Religion


You were on level 1 of the Spider Nest.
You worshipped Vehumet.
Vehumet was extremely pleased with you.
You visited 3 branches of the dungeon, and saw 19 of its levels.
You also visited: Ice Cave.

You collected 1728 gold pieces.
You spent 352 gold pieces at shops.

Inventory:

Hand Weapons
 I - the +10 lance "Wyrmbane" (weapon) {slay drac, rPois rF+ rC+ AC+3}
   (You took it off Maggie on level 7 of the Dungeon)

   AC+3:      It affects your AC (+3).
   rF+:       It protects you from fire.
   rC+:       It protects you from cold.
   rPois:     It protects you from poison.
 M - the +12 falchion "Omelette" {drain, rPois rC+}
   (You found it on level 10 of the Dungeon)

   rC+:       It protects you from cold.
   rPois:     It protects you from poison.
Missiles
 Y - 2 throwing nets
Armour
 e - a +0 buckler (worn)
 w - a +1 kite shield of cold resistance
 z - the +0 buckler of Dithmenos's Regard {rF- rN+++ MP+9 Str-3}
   (You found it on level 4 of the Dungeon)

   Str-3:     It affects your strength (-3).
   rF-:       It makes you vulnerable to fire.
   rN+++:     It renders you almost immune to negative energy.
   MP+9:      It affects your magic capacity (+9).
 G - a +2 kite shield
 T - a +0 tower shield
Jewellery
 b - a ring of protection from cold
 l - a ring of poison resistance (right tentacle)
 n - a +4 ring of protection (on tentacle)
 x - an amulet of regeneration (around mantle)
 y - a +6 ring of dexterity (on tentacle)
 C - a ring of see invisible (on tentacle)
 H - a ring of magical power (on tentacle)
 K - a ring of fire (left tentacle)
 U - a ring of protection from fire (on tentacle)
 X - a ring of flight
 Z - a +4 ring of slaying (on tentacle)
Wands
 j - a wand of mindburst (8)
 v - a wand of flame (42)
 A - a wand of iceblast (7)
 F - a wand of digging (6)
 Q - a wand of light (14)
 R - a wand of paralysis (9)
Scrolls
 f - a scroll of silence
 g - 4 scrolls of poison
 h - 3 scrolls of vulnerability
 i - a scroll of amnesia
 p - 2 scrolls of enchant weapon
 r - 4 scrolls of enchant armour
 u - 7 scrolls of teleportation
 D - 4 scrolls of fear
 J - a scroll of butterflies
 L - a scroll of revelation
 P - a scroll of brand weapon
 V - 3 scrolls of fog {unknown}
Potions
 a - 4 potions of magic
 c - 10 potions of curing
 d - 5 potions of brilliance
 k - a potion of ambrosia
 m - 6 potions of might {unknown}
 o - 2 potions of lignification {unknown}
 q - 3 potions of heal wounds {unknown}
 s - 4 potions of attraction {unknown}
 t - 2 potions of enlightenment
 B - 2 potions of invisibility {unknown}
 E - a potion of resistance
 N - 3 potions of berserk rage {unknown}
 S - 4 potions of cancellation {unknown}
 W - 3 potions of haste {unknown}


   Skills:
 + Level 12.8 Fighting
 * Level 11.0 Polearms
 + Level 13.8 Dodging
 - Level 2.6 Stealth
 - Level 5.0 Shields
 + Level 9.0 Spellcasting
 * Level 8.3 Conjurations
 - Level 5.0 Fire Magic
 + Level 0.5 Ice Magic
 - Level 2.0 Earth Magic
 - Level 8.0 Alchemy


You had 4 spell levels left.
You knew the following spells:

 Your Spells              Type           Power      Damage    Failure   Level
a - Sting                 Conj/Alch      100%       1d9       1%          1
b - Mephitic Cloud        Conj/Alch/Air  26%        N/A       1%          3
c - Olgreb's Toxic Radia  Alch           34%        N/A       1%          4
d - Sticky Flame          Fire/Alch      44%        2d8       3%          4
e - Shock                 Conj/Air       84%        1d8       1%          1
f - Stone Arrow           Conj/Erth      50%        3d10      1%          3
g - Freezing Cloud        Conj/Ice/Air   8%         6-21      30%         5
h - Orb of Destruction    Conj           18%        9d8       67%         7

Your spell library contained the following spells:

 Spells                   Type           Power      Damage    Failure   Level
 Fireball                 Conj/Fire      22%        3d10      7%          5
 Kiss of Death            Conj/Necr      84%        2d11      1%          1
 Mercury Vapours          Alch/Air       42%        N/A       1%          2
 Dazzling Flash           Conj/Hex       42%        N/A       2%          3
 Apportation              Tloc           14%        N/A       16%         1
 Necrotise                Necr           28%        1d5       16%         1
 Summon Small Mammal      Summ           28%        N/A       16%         1
 Jinxbite                 Hex            14%        N/A       22%         2
 Iskenderun's Battlesphe  Conj           36%        2d9       4%          5
 Yara's Violent Unravell  Hex/Alch       10%        3d6       21%         5
 Starburst                Conj/Fire      22%        6d8       36%         6
 Bombard                  Conj/Erth      12%        9d3       54%         6
 Sculpt Simulacrum        Ice/Alch       11%        N/A       99%         6
 Spellforged Servitor     Conj/Summ      10%        N/A       99%         7
 Enfeeble                 Hex            3%         N/A       100%        7
 Ozocubu's Refrigeration  Ice            4%         4d8       100%        7
 Lehudib's Crystal Spear  Conj/Erth      12%        10d4      100%        8
 Maxwell's Capacitive Co  Air            3%         ∞         100%        8
 Polar Vortex             Ice            4%         N/A       100%        9
 Animate Armour           Summ/Erth      Unusable   N/A       N/A         4

Dungeon Overview and Level Annotations

Branches:
Dungeon (13/15)            Temple (0/1) D:7            Lair (5/5) D:8
 Shoals (0/4) Lair:3       Spider (1/4) Lair:2        Slime (0/5) Lair:5
    Orc (0/2) D:11          IceCv (visited)
 Vaults: D:13-14

Altars:
Ashenzari
Cheibriados
Dithmenos
Elyvilon
Hepliaklqana
Kikubaaqudgha
Nemelex Xobeh
Qazlal
Sif Muna
Trog
Uskayaw
Vehumet
Xom
Zin

Shops:
D:5 =   D:6 ?***


Innate Abilities, Weirdness & Mutations

You cannot wear most types of armour.
You are amphibious.
You can wear up to eight rings at the same time.
Your skin changes colour to match your surroundings (Stealth+).
Your rubbery body absorbs attacks. (AC +1, EV +1)
((You are camouflaged when in or above water. (Stealth+)))
You have tentacles for arms and can constrict up to eight enemies at once.
You have very sharp teeth.
You are agile. (Dex +4, Str/Int -1)
You occasionally lose the ability to drink potions when taking damage.


Message History

The boulder beetle barely misses you. The redback bites you!
You are poisoned.
The redback poisons you! The torpor snail closely misses you.
The torpor snail looks even sicker.
The orb spider looks even sicker.
The redback looks even sicker.
The boulder beetle looks as sick as possible!
You kill the redback!
Vehumet accepts your kill.
You feel your power returning.
The culicivora is poisoned.
The spark wasp looks even sicker.
Your toxic aura wanes.
You feel extremely sick. The redback attacks as it pursues you!
The redback bites you but does no damage.
The spark wasp bursts into living lightning!
The living lightning hits you!
The spark wasp blinks!
The spark wasp stings you! The spark wasp shocks you!
* * * LOW HITPOINT WARNING * * *
The redback bites you!
* * * LOW HITPOINT WARNING * * *
The pharaoh ant completely misses you.
The boulder beetle leaps!
Casting: Olgreb's Toxic Radiance (mildly dangerous; 1% risk of failure)
Confirm with . or Enter, or press ? or * to list all spells.
Aiming: Mephitic Cloud (safe; 1% risk of failure)
Press: ? - help, Shift-Dir - straight line, f - you The ball explodes into a vile cloud!
The stinking cloud engulfs you.
The stinking cloud engulfs the torpor snail.
The torpor snail is lightly wounded.
The stinking cloud engulfs the redback.
The redback is severely wounded.
The stinking cloud engulfs the pharaoh ant.
The stinking cloud engulfs the spark wasp.
The spark wasp is moderately wounded.
* * * LOW HITPOINT WARNING * * *
You feel extremely sick.
You hear a faint skittering sound. x2
You kill the redback!
Vehumet accepts your kill.
You feel your power returning. The spark wasp stings you!!
You die...

#.#....# ^.......####
..^........###
...ss........##
.$............###
.#.B...s.......^.
......s#..>#.....
.....#..w°.......
#....^s††@§......
........#By#.....
^..........# #...
........#### .#
.........# ........##
#.##..........## ####
..#..........^.## #..#
................####..##
###.


You could see a boulder beetle (extremely poisoned), a spark wasp (very
poisoned), a torpor snail (very poisoned), an orb spider (very poisoned), a
culicivora (poisoned), a pharaoh ant and 2 redbacks.

Vanquished Creatures
  2 entropy weavers (Spider:1)
  A fire dragon (Lair:5)
  Erolcha (D:9)
  7 hydras
  A catoblepas (Lair:4)
  The ghost of Biggs the Skirmisher, a journeyman CoHu of Okawaru (D:11)
  2 boulder beetles
  6 two-headed ogres
  A centaur warrior (D:11)
  9 death yaks
  A demonic crawler (Lair:2)
  A pharaoh ant (Spider:1)
  3 orb spiders (Spider:1)
  A bog body (Lair:1)
  2 lindwurms
  A steelbarb worm (Spider:1)
  Pikel (D:8)
  2 wolf spiders (Spider:1)
  2 ugly things (IceCv)
  3 cyclopes
  2 manticores (D:11)
  A meliai (D:11)
  20 elephants
  5 black mambas
  3 gargoyles
  2 ice statues (IceCv)
  A water nymph (Lair:3)
  3 molten gargoyles (Lair:5)
  12 cane toads
  Maggie (D:7)
  A kobold demonologist (D:11)
  5 rime drakes
  3 trolls
  11 komodo dragons
  An ice devil (Lair:1)
  7 polar bears
  A merfolk (Lair:3)
  7 dream sheep
  A hornet (D:10)
  A tarantella (Spider:1)
  6 blink frogs
  2 jumping spiders (Lair:2)
  A culicivora (Spider:1)
  25 yaks
  3 wraiths
  9 wyverns
  5 basilisks
  3 steam dragons
  11 redbacks (Spider:1)
  8 vampire mosquitoes
  2 acid dragons
  8 water moccasins
  4 hell hounds (Lair:5)
  An orc warrior (D:10)
  2 ice beasts
  2 black bears
  5 ogres
  4 centaurs
  9 wolves
  2 lemures (D:8)
  A kobold brigand (D:11)
  7 bullfrogs
  2 gnoll sergeants (D:11)
  2 cane toad simulacra
  5 scorpions
  6 killer bees (D:10)
  5 howler monkeys
  An elephant simulacrum (IceCv)
  6 electric eels
  8 lava snakes
  3 bombardier beetles
  Crazy Yiuf (D:3)
  4 gnoll boudas
  7 orc priests
  A hound (D:4)
  A jelly (D:7)
  A sleepcap (D:4)
  Jessica (D:2)
  Ijyb (D:3)
  Terence (D:2)
  14 orc wizards
  A wolf simulacrum (IceCv)
  Robin (D:4)
  15 gnolls
  10 adders
  2 white imps
  An ufetubus (D:11)
  A dart slug (D:4)
  29 orcs
  5 bats
  4 endoplasms
  13 giant cockroaches
  32 goblins
  8 hobgoblins
  5 quokkas
  15 ball pythons
  3 frilled lizards
  3 kobolds (D:1)
  9 rats
483 creatures vanquished.

Notes
Turn   | Place    | Note
-------+----------+-------------------------------------------
     0 | D:1      | Heh the Octopode Alchemist began the quest for the Orb.
     0 | D:1      | Reached XP level 1. HP: 11/11 MP: 3/3
   375 | D:1      | Reached XP level 2. HP: 15/18 MP: 5/5
   440 | D:1      | Reached skill level 1 in Fighting
   765 | D:1      | Reached XP level 3. HP: 6/23 MP: 0/6
  1318 | D:2      | Noticed Jessica
  1324 | D:2      | Killed Jessica
  1325 | D:2      | Reached XP level 4. HP: 16/29 MP: 1/8
  1540 | D:2      | Learned a level 3 spell: Mephitic Cloud
  1545 | D:2      | Learned a level 4 spell: Olgreb's Toxic Radiance
  1792 | D:2      | Noticed Terence
  1805 | D:2      | Killed Terence
  1806 | D:2      | Reached XP level 5. HP: 25/34 MP: 2/9
  2578 | D:3      | Found a hazy altar of Hepliaklqana.
  2691 | D:3      | Reached skill level 5 in Alchemy
  2776 | D:3      | Reached XP level 6. HP: 28/39 MP: 2/11
  2891 | D:3      | Found a broken altar of Ashenzari.
  3003 | D:3      | Noticed Ijyb
  3013 | D:3      | Killed Ijyb
  3014 | D:3      | Reached skill level 3 in Dodging
  3303 | D:3      | Found a runed translucent door.
  3304 | D:3      | Noticed Crazy Yiuf
  3318 | D:3      | Killed Crazy Yiuf
  3509 | D:4      | Found a shadowy altar of Dithmenos.
  3530 | D:4      | Noticed Robin
  3533 | D:4      | Killed Robin
  3542 | D:4      | Reached skill level 4 in Dodging
  3542 | D:4      | Reached XP level 7. HP: 26/45 MP: 1/13
  3547 | D:4      | Reached skill level 5 in Dodging
  3680 | D:4      | Identified the +0 buckler of Dithmenos's Regard {rF- rN+++
                  | MP+9 Str-3}
  3768 | D:4      | Learned a level 4 spell: Sticky Flame
  4025 | D:4      | Found a hide-covered altar of Uskayaw.
  4192 | D:4      | Found a shimmering blue altar of Sif Muna.
  4254 | D:4      | Found an ancient bone altar of Kikubaaqudgha.
  4266 | D:4      | Got Kikubaaqudgha's Elucidation of Evil
  4306 | D:4      | Found a radiant altar of Vehumet.
  4449 | D:4      | Became a worshipper of Vehumet
  4480 | D:5      | Entered Level 5 of the Dungeon
  4493 | D:5      | Reached skill level 6 in Dodging
  4493 | D:5      | Reached skill level 1 in Shields
  4493 | D:5      | Reached skill level 1 in Fire Magic
  4493 | D:5      | Reached XP level 8. HP: 51/51 MP: 14/14
  4686 | D:5      | Found Zuets's Jewellery Emporium.
  4715 | D:5      | Noticed a two-headed ogre
  4733 | D:5      | HP: 2/52 [two-headed ogre/+0 giant spiked club (14)]
  4733 | D:5      | Killed a two-headed ogre
  4734 | D:5      | Reached skill level 7 in Dodging
  4734 | D:5      | Reached XP level 9. HP: 2/58 MP: 5/15
  4944 | D:5      | Found a bloodstained altar of Trog.
  5343 | D:6      | Found Genkoav's General Store.
  5348 | D:6      | Bought a scroll of identify for 28 gold pieces
  5368 | D:6      | Found a snail-covered altar of Cheibriados.
  5563 | D:6      | Found Vaxous's Magic Scroll Emporium.
  5572 | D:6      | Bought a scroll of blinking for 97 gold pieces
  5572 | D:6      | Bought a scroll of identify for 26 gold pieces
  5574 | D:6      | Found Elieniu's Assorted Antiques.
  5577 | D:6      | Reached * piety under Vehumet
  5577 | D:6      | Offered knowledge of Shock by Vehumet.
  5587 | D:6      | Bought a scroll of identify for 54 gold pieces
  5587 | D:6      | Bought a scroll labelled XANGY OBIROE for 27 gold pieces
  5587 | D:6      | Bought a brown potion for 24 gold pieces
  6053 | D:6      | Found Hanar's General Store.
  6107 | D:7      | Noticed Maggie
  6119 | D:7      | Killed Maggie
  6120 | D:7      | Reached skill level 5 in Fighting
  6184 | D:7      | Found a staircase to the Ecumenical Temple.
  6337 | D:7      | Learned a level 1 spell: Shock
  6348 | D:7      | Reached skill level 5 in Fire Magic
  6550 | D:7      | Found a shimmering altar of Xom.
  6552 | D:7      | Found a white marble altar of Elyvilon.
  6739 | D:8      | Reached skill level 1 in Polearms
  6739 | D:8      | Reached skill level 8 in Dodging
  6823 | D:8      | Reached XP level 10. HP: 41/68 MP: 16/16
  6937 | D:8      | Noticed an elephant
  6953 | D:8      | Killed an elephant
  7087 | D:8      | Noticed an elephant
  7088 | D:8      | Found a staircase to the Lair.
  7105 | D:8      | Killed an elephant
  7286 | D:8      | Noticed Pikel
  7294 | D:8      | Killed Pikel
  7432 | D:8      | Found a stormy altar of Qazlal.
  7590 | D:8      | Found a sparkling altar of Nemelex Xobeh.
  7839 | D:9      | Found a glowing silver altar of Zin.
  7839 | D:9      | Noticed an angel
  7855 | D:9      | Noticed Erolcha
  7865 | D:9      | Killed Erolcha
  7865 | D:9      | Offered knowledge of Static Discharge by Vehumet.
  7866 | D:9      | Reached skill level 9 in Dodging
  8039 | D:9      | Reached ** piety under Vehumet
  8061 | D:9      | Reached XP level 11. HP: 59/75 MP: 11/17
  8246 | D:9      | Identified the +2 long sword "Qunetiqi" {venom, Str-3 Dex+4
                  | SInv}
  8589 | D:9      | Reached skill level 5 in Polearms
  8691 | D:10     | Entered Level 10 of the Dungeon
  8822 | D:10     | Identified the +12 falchion "Omelette" {drain, rPois rC+}
  9266 | D:7      | Identified the +5 war axe "Wyusamp" {drain, rPois Str-3
                  | Dex+3}
  9664 | D:10     | Gained mutation: You have a pair of small antennae on your
                  | head. [potion of mutation]
  9664 | D:10     | Gained mutation: You are partially covered in iridescent
                  | scales. (AC +2) [potion of mutation]
  9664 | D:10     | Gained mutation: A frigid envelope surrounds you and
                  | freezes all who hurt you. [potion of mutation]
  9664 | D:10     | Gained mutation: One of your tentacles bears a spike.
                  | [potion of mutation]
  9679 | D:10     | Offered knowledge of Frozen Ramparts by Vehumet.
  9687 | D:10     | Learned a level 3 spell: Stone Arrow
 10003 | D:11     | Noticed a cyclops
 10011 | D:11     | Found a runed translucent gate.
 10011 | D:11     | Found a runed translucent gate.
 10011 | D:11     | Found a runed translucent gate.
 10012 | D:11     | Noticed Biggs's ghost (journeyman CoHu)
 10013 | D:11     | Noticed a centaur warrior
 10013 | D:11     | Noticed a death yak
 10034 | D:11     | Killed a death yak
 10137 | D:11     | Noticed a two-headed ogre
 10149 | D:11     | Killed a two-headed ogre
 10150 | D:11     | Reached skill level 10 in Dodging
 10150 | D:11     | Reached skill level 5 in Shields
 10150 | D:11     | Reached skill level 1 in Earth Magic
 10398 | D:11     | Reached *** piety under Vehumet
 10467 | D:11     | Found a staircase to the Orcish Mines.
 10555 | D:11     | Noticed a two-headed ogre
 10555 | D:11     | Noticed a two-headed ogre
 10561 | D:11     | Killed a two-headed ogre
 10563 | D:11     | Noticed a two-headed ogre
 10569 | D:11     | Killed a two-headed ogre
 10574 | D:11     | Noticed a manticore
 10576 | D:11     | Killed a two-headed ogre
 10580 | D:11     | Killed a manticore
 10581 | D:11     | Reached XP level 12. HP: 66/85 MP: 18/18
 10761 | D:11     | Offered knowledge of Airstrike by Vehumet.
 10840 | D:11     | Noticed a two-headed ogre
 10850 | D:11     | Reached skill level 11 in Dodging
 10909 | D:11     | Killed a two-headed ogre
 10910 | D:11     | Reached skill level 5 in Conjurations
 11402 | Lair:1   | Entered Level 1 of the Lair of Beasts
 11470 | Lair:1   | Noticed a death yak
 11503 | Lair:1   | Killed a death yak
 11504 | Lair:1   | Reached skill level 10 in Fighting
 11505 | Lair:1   | Noticed a death yak
 11533 | Lair:1   | Reached skill level 5 in Spellcasting
 11556 | Lair:1   | Killed a death yak
 11689 | Lair:1   | Reached **** piety under Vehumet
 11699 | Lair:1   | Offered knowledge of Arcjolt by Vehumet.
 11706 | Lair:1   | Learned a level 5 spell: Iskenderun's Battlesphere
 11937 | Lair:1   | HP: 3/88 [electric eel/bolt of electricity (10)]
 12410 | Lair:1   | Reached XP level 13. HP: 48/93 MP: 21/21
 12691 | Lair:1   | Lost mutation: A frigid envelope surrounds you and freezes
                  | all who hurt you. [potion of mutation]
 12691 | Lair:1   | Lost mutation: You have a pair of small antennae on your
                  | head. [potion of mutation]
 12691 | Lair:1   | Lost mutation: One of your tentacles bears a spike. [potion
                  | of mutation]
 12691 | Lair:1   | Gained mutation: You have hidden genetic defects. [potion
                  | of mutation]
 12691 | Lair:1   | Gained mutation: You are frail. (-10% HP) [potion of
                  | mutation]
 12691 | Lair:1   | Gained mutation: You have an increased reservoir of magic.
                  | (+10% MP) [potion of mutation]
 12939 | D:12     | Reached skill level 12 in Dodging
 13756 | Lair:2   | Found a hole to the Spider Nest.
 13810 | Lair:2   | Gained mutation: You occasionally shout uncontrollably at
                  | your foes. [hidden defects]
 14002 | D:6      | Bought a potion of mutation for 96 gold pieces
 14002 | D:6      | Lost mutation: You are frail. (-10% HP) [potion of
                  | mutation]
 14002 | D:6      | Lost mutation: You have hidden genetic defects. [potion of
                  | mutation]
 14002 | D:6      | Lost mutation: You occasionally shout uncontrollably at
                  | your foes. [potion of mutation]
 14426 | Lair:3   | Reached ***** piety under Vehumet
 14627 | Lair:3   | Offered knowledge of Orb of Destruction by Vehumet.
 15016 | Lair:3   | Found a staircase to the Shoals.
 15543 | D:11     | Killed Biggs's ghost
 16538 | Lair:4   | Reached XP level 14. HP: 49/102 MP: 20/28
 16543 | Lair:4   | Reached skill level 13 in Dodging
 16731 | Lair:4   | Learned a level 7 spell: Orb of Destruction
 16827 | Lair:4   | Identified the +6 morningstar "Jaippor" {flame, rPois
                  | Str+3}
 17207 | Lair:4   | Lost mutation: You have an increased reservoir of magic.
                  | (+10% MP) [potion of mutation]
 17207 | Lair:4   | Lost mutation: You are partially covered in iridescent
                  | scales. (AC +2) [potion of mutation]
 17207 | Lair:4   | Gained mutation: You are partially covered in iridescent
                  | scales. (AC +2) [potion of mutation]
 17207 | Lair:4   | Gained mutation: You are agile. (Dex +4, Str/Int -1)
                  | [potion of mutation]
 17207 | Lair:4   | Gained mutation: Your flesh is cold resistant. (rC+)
                  | [potion of mutation]
 17655 | Lair:4   | Lost mutation: You are partially covered in iridescent
                  | scales. (AC +2) [potion of mutation]
 17655 | Lair:4   | Lost mutation: You are agile. (Dex +4, Str/Int -1) [potion
                  | of mutation]
 17655 | Lair:4   | Lost mutation: Your flesh is cold resistant. (rC+) [potion
                  | of mutation]
 17655 | Lair:4   | Gained mutation: You occasionally lose the ability to drink
                  | potions when taking damage. [potion of mutation]
 17655 | Lair:4   | Gained mutation: You are agile. (Dex +4, Str/Int -1)
                  | [potion of mutation]
 17655 | Lair:4   | Gained mutation: You have very sharp teeth. [potion of
                  | mutation]
 18037 | Lair:5   | Entered Level 5 of the Lair of Beasts
 18054 | Lair:5   | Found a frozen archway.
 18071 | IceCv    | Entered an ice cave
 18083 | IceCv    | Found a transporter.
 18093 | IceCv    | Found a transporter.
 18324 | Lair:5   | Found a staircase to the Slime Pits.
 18504 | Lair:5   | Reached skill level 10 in Polearms
 18583 | Lair:5   | Offered knowledge of Fireball by Vehumet.
 18699 | Lair:5   | Found a large runed translucent door.
 18707 | Lair:5   | Found a large runed translucent door.
 19420 | Spider:1 | Entered Level 1 of the Spider Nest
 19462 | Lair:2   | HP: 4/104 [demonic crawler (11)]
 19659 | Lair:2   | Reached XP level 15. HP: 100/109 MP: 27/27
 19863 | Spider:1 | Learned a level 5 spell: Freezing Cloud
 20025 | Spider:1 | Mangled by a spark wasp

Illustrated notes

Levels and vault maps discovered:
D:1:      minmay_arrival_jagged, layout_basic, serial_aquarium,
          aquarium_bridge_long_joined [aquarium_subvault_bridge,
          aquarium_subvault_bridge, aquarium_subvault_balcony,
          aquarium_subvault_wall, aquarium_subvault_bridge,
          aquarium_subvault_balcony], aquarium_window_2, aquarium_window_2,
          aquarium_window_fake, aquarium_window_1, aquarium_view_2d,
          aquarium_view_2d, minmay_split_cup_small
D:2:      layout_loops_ring, nrook_mini_backslash, minmay_snake_closets,
          uniq_terence, uniq_jessica
D:3:      minmay_roachtagon, layout_rooms, lemuel_round_altar,
          ashenzari_conservatory_becter, serial_corexii_hall,
          corexii_hall_statues_x, corexii_hall_statues_x, grunt_decor_clamped,
          nicolae_underground_beach, uniq_crazy_yiuf_cottage, uniq_ijyb
D:4:      layout_cave_pools, palyth_temple_overflow_mages, kennysheep_mini_moat,
          mainiacjoe_overflow_paths, hangedman_abyss_or_decor_slice, uniq_robin
D:5:      layout_basic, mainiacjoe_overflow_concentric_impassable, st_stairs_8,
          minmay_shop_enchanted_jewellery, minmay_misc_feat_secret_circle,
          serial_park_tiny_2, minmay_ogre_servants
D:6:      layout_basic, lemuel_round_altar, serial_shops, shop,
          nicolae_shop_hallway_stairs, shop, shop
D:7:      layout_basic, nicolae_overflow_hidden_temple,
          minmay_temple_entry_crystal_x, uniq_maggie
D:8:      layout_basic, nemelex_diamond_rough_becter,
          mainiacjoe_overflow_alcove_4, grunt_lair_entry_orc_guard_hut,
          uniq_pikel
D:9:      layout_basic, zin_angel, uniq_erolcha
D:10:     layout_long_grid
D:11:     minmay_bubble_buster, layout_irregular_city, orc_0_dummy,
          gammafunk_ghost_split, serial_ice, serial_ice_f, serial_ice_j,
          serial_ice_e, serial_ice_b, dreamdust_gnoll_shepherd
D:12:     layout_rooms
D:13:     nzn_winding_woodlands_medium [nzn_winding_woodlands_5x5_three,
          nzn_winding_woodlands_5x15_sawtooth,
          nzn_winding_woodlands_5x5_perimeter, nzn_winding_woodlands_5x5_cross,
          nzn_winding_woodlands_center_diamonds,
          nzn_winding_woodlands_5x5_open_star, nzn_winding_woodlands_hourglass,
          nzn_winding_woodlands_5x15_pathside_ponds,
          nzn_winding_woodlands_5x5_closed_star], layout_loops_corners,
          uniq_lodul
Lair:1:   dreamdust_isle_of_ice, layout_regular_city, serial_bayou,
          serial_bayou_shore_a, serial_bayou_pond_e, serial_bayou_ford_a,
          serial_bayou_pond_d, nicolae_lair_liquid_snakes
Lair:2:   layout_gridlike, spider_nest_entry_a, lemuel_fruit_tree,
          infiniplex_staircase_pool_2
Lair:3:   layout_regular_city, nicolae_shoals_entry_flooding, serial_rivers,
          chequers_serial_rivers_micro_e, chequers_serial_rivers_large_a,
          chequers_serial_rivers_room_a, chequers_serial_rivers_small_b,
          chequers_serial_rivers_small_b, chequers_serial_rivers_small_3,
          lemuel_fruit_fields
Lair:4:   layout_regular_city, grunt_forest_large_clearings,
          serial_bayou_shore_b
Lair:5:   cheibrodos_lair_end_hotspot, layout_regular_city, slime_entry_1,
          portal_ice_cave_rime, hangedman_lair_unloving_vines
Spider:1: layout_spider_delve, drop_trap

Skill      XL: |  1  2  3  4  5  6  7  8  9 10 11 12 13 14 15 |
---------------+----------------------------------------------+-----
Fighting       | 1 2 4 5 7 9 10 11 12 | 12.8
Alchemy        | 4 5 6 7 8 |  8.0
Spellcasting   | 3 4 5 7 8 9 |  9.0
Dodging        | 4 6 7 8 9 10 11 12 13 | 13.8
Shields        | 1 3 4 5 |  5.0
Fire Magic     | 1 3 5 |  5.0
Polearms       | 1 4 5 7 8 10 11 | 11.0
Earth Magic    | 2 |  2.0
Conjurations   | 4 5 7 8 |  8.3
Stealth        | |  2.6
Ice Magic      | |  0.5

Action                     |  1- 3 |  4- 6 |  7- 9 | 10-12 | 13-15 || total
---------------------------+-------+-------+-------+-------+-------++-------
  Melee: Unarmed           |     6 |       |       |       |       ||     6
         Tentacles         |     9 |    23 |    38 |    88 |   225 ||   383
         Constrict         |    12 |    26 |    24 |    33 |    58 ||   153
         Short sword       |    30 |    94 |    70 |       |       ||   194
         Lance             |       |       |    33 |   335 |   651 ||  1019
         Falchion          |       |       |    26 |       |       ||    26
         Kick              |       |       |       |    79 |       ||    79
         Bite              |       |       |       |       |    74 ||    74
   Cast: Sting             |    25 |    40 |    14 |       |       ||    79
         Mephitic Cloud    |       |     2 |     2 |    19 |    24 ||    47
         Olgreb's Toxic Ra |       |     4 |    17 |    55 |    36 ||   112
         Sticky Flame      |       |       |       |    14 |    22 ||    36
         Iskenderun's Batt |       |       |       |     3 |     4 ||     7
         Stone Arrow       |       |       |       |       |     7 ||     7
         Shock             |       |       |       |       |     1 ||     1
         Freezing Cloud    |       |       |       |       |     2 ||     2
  Evoke: Wand              |       |       |     3 |       |       ||     3
    Use: Potion            |     1 |       |       |     1 |     6 ||     8
         Scroll            |       |       |     9 |     4 |    10 ||    23
   Stab: Sleeping          |     3 |     8 |    10 |     5 |    12 ||    38
         Confused          |       |     1 |     1 |    17 |    11 ||    30
         Distracted        |       |       |     1 |     1 |     2 ||     4
 Armour: Skin              |    25 |    49 |    52 |   155 |   333 ||   614
  Dodge: Dodged            |    27 |    48 |    72 |   245 |   621 ||  1013
  Block: Buckler           |       |       |    21 |   108 |   190 ||   319
         Kite shield       |       |       |       |       |   104 ||   104

Table legend: (Time is in decaauts)
 A = Elapsed time spent in this place.
 B = Non-inter-level travel time spent in this place.
 C = Inter-level travel time spent in this place.
 D = Time resting spent in this place.
 E = Time spent auto-exploring this place.
 F = Levels seen in this place.
 G = Mean time per level.
                   A        B        C        D        E       F      G
               +--------+--------+--------+--------+--------+-----+--------+
         Total |  19854 |  17266 |   2588 |    519 |  13470 |  20 |  992.7 |
       Dungeon |  13387 |  11267 |   2120 |    260 |   9238 |  13 | 1029.8 |
          Lair |   5977 |   5509 |    468 |    259 |   4023 |   5 | 1195.4 |
   Spider Nest |    351 |    351 |      0 |      0 |    180 |   1 |  351.0 |
      Ice Cave |    137 |    137 |      0 |      0 |     29 |   1 |  137.0 |
               +--------+--------+--------+--------+--------+-----+--------+

Top non-repeatable levels by time:
  Lair:1: 1618 daAuts
    D:11: 1568 daAuts
     D:8: 1455 daAuts
    D:10: 1368 daAuts
     D:1: 1232 daAuts
  Lair:4: 1171 daAuts
     D:3: 1165 daAuts
  Lair:5: 1145 daAuts
     D:2: 1099 daAuts
     D:9: 1061 daAuts
     D:4: 1049 daAuts
  Lair:2: 1048 daAuts
  Lair:3: 993 daAuts
     D:5: 897 daAuts
     D:6: 891 daAuts
